 Dungeon Crawl Stone Soup version 0.24-a0-528-g98e85ec (webtiles) character file.

Game seed: 5329834397360319562

2235 DrKleor the Covert (level 9, -10/51 HPs)
             Began as an Octopode Enchanter on Aug 5, 2019.
             Mangled by an orc warrior
             ... wielding a +0 glaive
              (28 damage)
             ... on level 6 of the Dungeon.
             The game lasted 00:18:48 (6654 turns).

DrKleor the Covert (Octopode Enchanter)             Turns: 6654, Time: 00:18:49

Health: -10/51     AC:  1    Str:  8    XL:     9   Next: 36%
Magic:  11/12      EV: 13    Int: 17    God:
Gold:   254        SH:  0    Dex: 15    Spells: 5/12 levels left

rFire    . . .     SeeInvis .   s - +4 dagger
rCold    . . .     Gourm    .   (no shield)
rNeg     . . .     Faith    .   (helmet restricted)
rPois    .         Spirit   .   (no amulet)
rElec    .         Reflect  .   (no ring)
rCorr    .         Harm     .   (no ring)
MR       .....                  (no ring)
Stlth    ++++++....             (no ring)
HPRegen  0.17/turn              (no ring)
MPRegen  0.13/turn              (no ring)
                                (no ring)
                                (no ring)

@: confusing touch
A: almost no armour, stealthy swim, amphibious, 8 rings, constrict 8, camouflage
1, gelatinous body 1
a: no special abilities


You were on level 6 of the Dungeon.
You were not hungry.

You visited 1 branch of the dungeon, and saw 6 of its levels.
You also visited: Ossuary.

You collected 254 gold pieces.

Inventory:

Hand Weapons
 a - a +1 dagger
 d - a +1 dagger of flaming
 s - a +4 dagger (weapon)
Wands
 t - a wand of iceblast (11)
Scrolls
 b - 2 scrolls of teleportation {unknown}
 e - 2 scrolls of amnesia {unknown}
 g - 2 scrolls of fear {unknown}
 j - 3 scrolls of remove curse {unknown}
 l - 3 scrolls of fog {unknown}
 m - 3 scrolls of random uselessness {unknown}
 p - 2 scrolls of magic mapping {unknown}
 u - 2 scrolls of immolation {unknown}
 v - a scroll of blinking {unknown}
Potions
 f - a potion of resistance
 h - 2 potions of lignification
 i - 2 potions of agility {unknown}
 k - 4 potions of curing
 n - 2 potions of haste
 o - a potion of invisibility {unknown}
 q - 2 potions of cancellation {unknown}
 r - a potion of heal wounds {unknown}
 w - a potion of magic {unknown}
 x - a potion of flight {unknown}
 z - 3 potions of berserk rage {unknown}
 A - a potion of mutation {unknown}
Comestibles
 c - 4 rations


   Skills:
 + Level 8.6 Short Blades
 - Level 2.0 Dodging
 - Level 12.0 Stealth
 - Level 2.0 Spellcasting
 + Level 4.1 Hexes


You had 5 spell levels left.
You knew the following spells:

 Your Spells              Type           Power        Failure   Level  Hunger
a - Corona                Hex            ###....      3%          1    #......
b - Ensorcelled Hibernat  Hex/Ice        #.....       13%         2    ###....
c - Confuse               Hex            ###.....     11%         3    ###....
d - Confusing Touch       Hex            ###...       3%          1    #......

Your spell library contained the following spells:

 Spells                   Type           Power        Failure   Level  Hunger
 Tukima's Dance           Hex            ###.....     11%         3    ###....
 Animate Skeleton         Necr           N/A          19%         1    #......
 Apportation              Tloc           #.....       19%         1    #......
 Summon Small Mammal      Summ           #...         19%         1    #......
 Dazzling Spray           Conj/Hex       #.....       26%         3    ###....


Dungeon Overview and Level Annotations

Branches:
Dungeon (6/15)
 Temple: D:4-7

Altars:
Ashenzari
Cheibriados
Elyvilon
Qazlal
Ru
Wu Jian
Xom

Annotations:
D:6 Blork the orc


Innate Abilities, Weirdness & Mutations

You cannot wear most types of armour.
You are very stealthy in the water. (Stealth+)
You are amphibious.
You can wear up to eight rings at the same time.
You can use your tentacles to constrict eight enemies at once.
Your skin changes colour to match your surroundings (Stealth+).
Your rubbery body absorbs attacks. (AC +1, EV +1)


Message History

Things that are here:
a +0 dagger; an orc corpse You see here a +0 giant club.
There is a stone staircase leading up, spattered with blood here.
Casting: Confusing Touch (safe; 3% risk of failure)
Confirm with . or Enter, or press ? or * to list all spells.
Your tentacles begin to glow red.
You hit the orc warrior but do no damage.
You grab the orc warrior.
You squeeze the orc warrior, but do no damage.
You constrict the orc warrior, but do no damage.
The orc warrior hits you with a +0 glaive!!
You hit the orc warrior but do no damage.
You squeeze the orc warrior, but do no damage.
You constrict the orc warrior, but do no damage.
You hit the orc warrior but do no damage.
You constrict the orc warrior.
The orc warrior hits you with a +0 glaive!!
Ouch! That really hurt!
You die...

#.# #########.##### #.#
###### #........)....##
...# ......
#..............# ....#
#.... ..............#
....# #....
####..........###....#
#.... #........#........#
##....
..#####........#........#
#.....
...............#@...###.
#.
..######.##....##o..###.#
....'.
#...##.#.......)......#
....##
.............#......####
... #.
........[....(..........
. ....
.....................###
##...
.......................
#....
......#'#...............
#....
............#.######....
#....


You could see an orc warrior.

Vanquished Creatures
  Pikel (D:5)
  A hornet (D:6)
  Prince Ribbit (D:5)
  Sigmund (D:5)
  Edmund (D:6)
  2 ice beasts
  A slave (D:5)
  3 ogres
  A scorpion (D:5)
  2 howler monkeys
  A crimson imp (D:5)
  A centaur zombie (Ossuary)
  An orc priest (D:6)
  2 human zombies (Ossuary)
  A bullfrog skeleton (D:5)
  Jessica (D:2)
  A centaur skeleton (D:5)
  An iguana (D:6)
  2 orc wizards (D:5)
  2 worker ants (D:4)
  A hound zombie (D:6)
  4 mummies (Ossuary)
  3 adders
  3 gnolls (D:5)
  A shadow imp (D:5)
  A worm (D:3)
  3 dart slugs
  5 leopard geckos
  10 orcs
  3 giant cockroaches
  7 goblins
  4 hobgoblins
  4 jackals (D:2)
  4 quokkas
  A ball python (D:3)
  8 bats
  A frilled lizard (D:1)
  2 goblin zombies (Ossuary)
  A hobgoblin zombie (Ossuary)
  6 kobolds
  3 orc zombies
  A quokka skeleton (D:5)
  7 rats
110 creatures vanquished.

Vanquished Creatures (others)
  3 slaves (D:5)
  2 orc wizards (D:5)
  2 orcs (D:5)
7 creatures vanquished.

Grand Total: 117 creatures vanquished

Notes
Turn   | Place    | Note
-------+----------+-------------------------------------------
     0 | D:1      | DrKleor the Octopode Enchanter began the quest for the Orb.
     0 | D:1      | Reached XP level 1. HP: 11/11 MP: 3/3
   247 | D:1      | Reached XP level 2. HP: 5/17 MP: 5/5
   938 | D:1      | Reached skill level 5 in Stealth
   938 | D:1      | Reached XP level 3. HP: 21/21 MP: 6/6
  1377 | D:2      | Noticed Jessica
  1382 | D:2      | Learned a level 2 spell: Ensorcelled Hibernation
  1386 | D:2      | Learned a level 3 spell: Confuse
  1397 | D:2      | Killed Jessica
  1397 | D:2      | Reached XP level 4. HP: 27/27 MP: 7/7
  2039 | D:3      | Found a sacrificial altar of Ru.
  2042 | D:3      | Found a stormy altar of Qazlal.
  2045 | D:3      | Found an ornate altar of the Wu Jian Council.
  2509 | D:4      | Found a shimmering altar of Xom.
  2544 | D:4      | Reached skill level 6 in Stealth
  2623 | D:4      | Found a sand-covered staircase.
  2632 | Ossuary  | Entered an ossuary
  2681 | Ossuary  | Reached XP level 5. HP: 10/31 MP: 8/8
  3041 | Ossuary  | Reached skill level 7 in Stealth
  3041 | Ossuary  | Reached XP level 6. HP: 19/36 MP: 9/9
  3515 | D:4      | Found a shattered altar of Ashenzari.
  4182 | D:5      | Entered Level 5 of the Dungeon
  4189 | D:5      | Learned a level 1 spell: Confusing Touch
  4306 | D:5      | Reached skill level 8 in Stealth
  4306 | D:5      | Reached XP level 7. HP: 27/41 MP: 10/10
  4427 | D:5      | Reached skill level 5 in Short Blades
  4680 | D:5      | Noticed Pikel
  4703 | D:5      | Killed Pikel
  4703 | D:5      | Reached skill level 10 in Stealth
  4703 | D:5      | Reached XP level 8. HP: 40/46 MP: 9/11
  5224 | D:5      | Found a white marble altar of Elyvilon.
  5224 | D:5      | Found a snail-covered altar of Cheibriados.
  5338 | D:5      | Noticed Sigmund
  5354 | D:5      | Killed Sigmund
  5554 | D:5      | Noticed Prince Ribbit
  5576 | D:5      | Killed Prince Ribbit
  5576 | D:5      | Reached skill level 11 in Stealth
  5966 | D:6      | Noticed Blork the orc
  6055 | D:6      | Found a shattered altar of Ashenzari.
  6131 | D:6      | Noticed Edmund
  6133 | D:6      | Reached XP level 9. HP: 51/51 MP: 12/12
  6152 | D:6      | Killed Edmund
  6191 | D:6      | Reached skill level 12 in Stealth
  6294 | D:6      | Noticed a hornet
  6297 | D:6      | Paralysed by a hornet for 1 turns
  6300 | D:6      | Killed a hornet
  6654 | D:6      | Mangled by an orc warrior

Levels and vault maps discovered:
D:1:      nzn_arrival_depleted_hourglass, layout_basic,
          chequers_serial_rivers_micro_e
D:2:      layout_basic, minmay_strange_pillars, uniq_jessica
D:3:      layout_rooms, grunt_temple_overflow_open, first_ration,
          grunt_decor_arrowhead
D:4:      layout_loops_ring, xom_teletrap_fun, enter_ossuary_3,
          nicolae_ashenzari_panopticon
D:5:      layout_basic, gammafunk_temple_overflow_elements, uniq_sigmund,
          uniq_prince_ribbit1, uniq_pikel
D:6:      layout_basic, minmay_temple_entry_fiery, basic_altar, serial_shops,
          nicolae_shop_window_shopping, uniq_crazy_yiuf_cottage, uniq_edmund,
          uniq_blork_the_orc

Skill      XL: |  1  2  3  4  5  6  7  8  9 |
---------------+----------------------------+-----
Short Blades   | 2 3 4 6 7 8 |  8.6
Stealth        | 5 6 7 8 10 11 12 | 12.0
Hexes          | 4 |  4.1
Dodging        | |  2.0
Spellcasting   | |  2.0

Action                   |  1- 3 |  4- 6 |  7- 9 || total
-------------------------+-------+-------+-------++-------
Melee: Dagger            |    62 |   129 |   126 ||   317
       Constrict         |    16 |    23 |    25 ||    64
       Tentacles         |     5 |    20 |    30 ||    55
 Cast: Confusing Touch   |       |     1 |    11 ||    12
       Ensorcelled Hiber |       |       |     2 ||     2
  Use: Scroll            |       |     6 |       ||     6
 Stab: Sleeping          |     7 |    16 |     9 ||    32
       Confused          |       |     1 |     9 ||    10
  Eat: Chunk             |       |     6 |     5 ||    11
       Ration            |       |     1 |     1 ||     2
Armor: Skin              |     9 |     7 |     2 ||    18
Dodge: Dodged            |    41 |    57 |    34 ||   132

Table legend:
 A = Non-vault XP
 B = Vault XP
 C = Vault XP percentage of total XP
 D = Non-vault monster count
 E = Vault monster count
 F = Vault count percentage of total count
                 A         B        C        D         E       F
            +---------+---------+-------+---------+---------+-------
      Total |    1645 |    1548 |  48.5 |      91 |      18 |  16.5
            +---------+---------+-------+---------+---------+-------
        D:1 |      40 |       0 |   0.0 |      21 |       0 |   0.0
        D:2 |      22 |      37 |  62.7 |      12 |       1 |   7.7
        D:3 |      36 |       0 |   0.0 |      14 |       0 |   0.0
        D:4 |     171 |       1 |   0.6 |      11 |       1 |   8.3
        D:5 |     603 |    1132 |  65.2 |      26 |       3 |  10.3
        D:6 |     773 |     173 |  18.3 |       7 |       1 |  12.5
    Ossuary |       0 |     205 | 100.0 |       0 |      12 | 100.0
            +---------+---------+-------+---------+---------+-------
